 Dungeon Crawl Stone Soup version 0.17.0-28-g6e173f8 (webtiles) character file.

164 ShokerKer the Skirmisher (level 5, -1/43 HPs)
             Began as a Formicid Fighter on Nov 23, 2015.
             Was a Believer of Vehumet.
             Succumbed to a water moccasin's poison
             ... on level 3 of the Dungeon.
             The game lasted 00:11:12 (2211 turns).

ShokerKer the Skirmisher (Formicid Fighter)         Turns: 2211, Time: 00:11:13

Health: -1/43      AC:  9    Str: 21    XL:     5   Next: 73%
Magic:  5/5        EV:  9    Int:  8    God:    Vehumet [**....]
Gold:   108        SH:  0    Dex: 10    Spells: 0 memorised, 4 levels left

rFire  . . .     SeeInvis +     a - +1 trident
rCold  . . .     Clarity  .     b - +0 scale mail
rNeg   . . .     SustAt   +     (no shield)
rPois  .         Gourm    .     (helmet unavailable)
rElec  .         Spirit   .     k - +0 cloak
rCorr  .         Warding  .     f - +0 pair of gloves
rMut   .         Stasis   +     (no boots)
MR     .....                    (no amulet)
Stlth  ..........               (no ring)
                                h - ring of sustain attributes

@: lethally poisoned (-1 -> -25), not resistant to hostile enchantments,
extremely unstealthy
A: permanent stasis, dig shafts and tunnels, four strong arms, antennae 3
a: Dig, Shaft Self, Renounce Religion


You were on level 3 of the Dungeon.
You worshipped Vehumet.
Vehumet was pleased with you.
You were full.

You visited 1 branch of the dungeon, and saw 3 of its levels.

You collected 108 gold pieces.

Inventory:

Hand Weapons
 a - a +1 trident (weapon)
Armour
 b - a +0 scale mail (worn)
 c - a +0 shield
 f - a +0 pair of gloves (worn)
 k - a +0 cloak (worn)
Jewellery
 h - a ring of sustain attributes (left hand)
Wands
 i - a wand of random effects (27)
Scrolls
 d - a scroll of recharging
 g - 2 scrolls of identify
 l - a scroll of amnesia
Potions
 m - a potion of haste
Comestibles
 j - 2 bread rations


   Skills:
 + Level 4.4 Fighting
 + Level 3.6 Polearms
 + Level 4.0 Armour
 + Level 4.4 Shields


You had 4 spell levels left.
You didn't know any spells.

Dungeon Overview and Level Annotations

Branches:
Dungeon (3/15)

Altars:
Vehumet


Innate Abilities, Weirdness & Mutations

You are under a permanent stasis effect.
You can dig through walls and to a lower floor.
Your four strong arms can wield two-handed weapons with a shield.
You have a pair of large antennae on your head (SInv).


Message History

The water moccasin is almost dead.
You feel sick. The water moccasin bites you!
* * * LOW HITPOINT WARNING * * *
You are more poisoned.
The water moccasin poisons you!
The water moccasin bites you but does no damage.
You are too injured to fight recklessly!
You are too injured to fight recklessly!
You are too injured to fight recklessly!
You are too injured to fight recklessly!
You are too injured to fight recklessly!
* * * LOW HITPOINT WARNING * * *
You feel sick.
You are too injured to fight recklessly!
You are too injured to fight recklessly!
You are too injured to fight recklessly!
* * * LOW HITPOINT WARNING * * *
You feel very sick. The water moccasin closely misses you.
You die...

................#
#(#
####...###.###.####
#.# #...#
#........###.#
#...#
#####.........
#...# #...........#
##..# .#####)#####
#..# #.# #..####.#
#.# #.@.....# #.#
#.####### #.# #S#
#.##### #.# #.....#
#.# #####.# #.# #.#
#.# #.# #### ##
#.......# #.#
...##.!........#
#.#


You could see a water moccasin.

Vanquished Creatures
  Terence (D:2)
  An orc wizard (D:3)
  3 adders
  3 giant geckos
  7 orcs (D:3)
  5 bats
  5 giant cockroaches
  11 goblins
  9 hobgoblins
  9 jackals
  6 giant newts
  9 kobolds
  7 rats
76 creatures vanquished.

Notes
Turn   | Place    | Note
--------------------------------------------------------------
     0 | D:1      | ShokerKer the Formicid Fighter began the quest for the Orb.
     0 | D:1      | Reached XP level 1. HP: 18/18 MP: 1/1
    98 | D:1      | Reached XP level 2. HP: 22/24 MP: 2/2
   433 | D:1      | Reached XP level 3. HP: 29/29 MP: 3/3
  1020 | D:2      | Found a faded altar to an unknown god.
  1028 | D:2      | Noticed Terence
  1060 | D:2      | Killed Terence
  1060 | D:2      | Reached skill level 4 in Fighting
  1060 | D:2      | Reached XP level 4. HP: 22/37 MP: 4/4
  1416 | D:2      | Became a worshipper of Vehumet
  1416 | D:2      | Reached * piety under Vehumet
  1416 | D:2      | Offered knowledge of Sting by Vehumet.
  1736 | D:3      | Reached XP level 5. HP: 42/42 MP: 5/5
  2028 | D:3      | Reached ** piety under Vehumet
  2028 | D:3      | Offered knowledge of Magic Dart by Vehumet.
  2186 | D:3      | Noticed a water moccasin
  2210 | D:3      | HP: 1/43 [poisoned by a water moccasin]
  2211 | D:3      | Succumbed to a water moccasin's poison

Action                   |  1- 3 |  4- 6 || total
-------------------------+-------+-------++-------
Melee: Trident           |   159 |   148 ||   307
  Use: Scroll            |     5 |     1 ||     6
       Potion            |       |     5 ||     5
  Eat: Bread ration      |       |     2 ||     2
